 Dungeon Crawl Stone Soup version 0.16.2-12-gd0ad4c3 (webtiles) character file.

98 faibistes the Magician (level 4, -3/24 HPs)
             Began as a Deep Elf Wizard on Jan 22, 2019.
             Killed by divine providence
             ... invoked by an orc priest
              (11 damage)
             ... on level 3 of the Dungeon.
             The game lasted 00:04:12 (2383 turns).

faibistes the Magician (Deep Elf Wizard)            Turns: 2383, Time: 00:04:13

Health: -3/24      AC:  2    Str:  4    XL:     4   Next: 44%
Magic:  1/17       EV: 13    Int: 24    God:
Gold:   78         SH:  0    Dex: 13    Spells: 6 memorised, 1 level left

rFire  . . .     SeeInvis .     h - +0 dagger
rCold  + . .     Clarity  .     a - +0 robe
rNeg   . . .     SustAb   .     (no shield)
rPois  .         Gourm    .     b - +0 hat
rElec  .         Spirit   .     (no cloak)
rCorr  .         Warding  .     (no gloves)
rMut   .         Stasis   .     (no boots)
MR     .....                    (no amulet)
Stlth  ++........               (no ring)
                                j - ring of protection from cold

@: very slightly contaminated, repel missiles, not resistant to hostile
enchantments, unstealthy
A: no striking features
a: no special abilities


You were on level 3 of the Dungeon.
You were very hungry.

You visited 1 branch of the dungeon, and saw 3 of its levels.

You collected 78 gold pieces.

Inventory:

Hand weapons
 e - a +0 club
 h - a +0 dagger (weapon)
Armour
 a - a +0 robe (worn)
 b - a +0 hat (worn)
Jewellery
 j - a ring of protection from cold (left hand)
Scrolls
 i - a scroll of identify {unknown}
 m - a scroll of recharging {unknown}
Potions
 l - a potion of lignification {unknown}
Books
 c - a book of Minor Magic

   Spells                             Type                      Level
   a - Magic Dart                     Conjuration                  1
   b - Blink                          Translocation                2
   c - Call Imp                       Summoning                    2
   d - Repel Missiles                 Charms/Air                   2
   e - Slow                           Hexes                        2
   f - Conjure Flame                  Conjuration/Fire             3
   g - Mephitic Cloud                 Conjuration/Poison/Air       3
Comestibles
 d - a bread ration
 g - a beef jerky
 k - 2 meat rations


   Skills:
 + Level 3.3 Dodging
 - Level 2.4 Stealth
 * Level 5.7 Spellcasting
 * Level 3.0 Conjurations
 - Level 1.1 Summonings
 - Level 1.1 Translocations


You had one spell level left.
You knew the following spells:

 Your Spells              Type           Power        Failure   Level  Hunger
a - Magic Dart            Conj           ###.         2%          1    None
b - Conjure Flame         Conj/Fire      ##......     17%         3    #......
c - Call Imp              Summ           ##......     10%         2    None
d - Blink                 Tloc           N/A          10%         2    None
e - Mephitic Cloud        Conj/Pois/Air  ##......     21%         3    #......
f - Repel Missiles        Chrm/Air       #.....       14%         2    None


Dungeon Overview and Level Annotations

Branches:
Dungeon (3/15)

Altars:

Annotations:
D:2 Robin


Message History

t - Shout!
Orders for allies: a - Attack new target. r - Retreat! s - Stop attacking. w - Wait here. f - Follow me.
Anything else - Stay silent.
Gang up on whom?
Press: ? - help, Dir - move target cursor, f - orc priest
Aim: an orc priest, wielding a mace and wearing a leather armour (heavily wounded) Attack!
You hear a shout!
Your shadow imp closely misses the orc priest.
The orc priest becomes somewhat translucent.
Your shadow imp closely misses the orc priest.
The orc priest barely misses your shadow imp.
Your shadow imp barely misses the orc priest.
The orc priest closely misses your shadow imp.
Your shadow imp hits the orc priest.
The orc priest invokes the aid of Beogh against you.
Something smites you!
You die...

+.!.......'
..or.o... ...o...
..... ... #'# # #.#
.....########.#
#....@.5o).##
#.#######...##
#........#
.###.###...##
...........########
#########..........
#.######### #.# #.#


You could see an orc priest and a friendly shadow imp.

Vanquished Creatures
  An orc wizard (D:3)
  A giant mite (D:1)
  A worm (D:2)
  A giant gecko (D:2)
  An ooze (D:1)
  2 bats (D:1)
  5 giant cockroaches
  10 goblins
  8 hobgoblins
  3 jackals (D:1)
  2 giant newts
  5 kobolds
  2 rats
42 creatures vanquished.

Vanquished Creatures (collateral kills)
  A hobgoblin (D:1)
  5 jackals (D:1)
  A kobold (D:3)
7 creatures vanquished.

Grand Total: 49 creatures vanquished

Notes
Turn   | Place    | Note
--------------------------------------------------------------
     0 | D:1      | faibistes, the Deep Elf Wizard, began the quest for the Orb.
     0 | D:1      | Reached XP level 1. HP: 10/10 MP: 6/6
   349 | D:1      | Reached XP level 2. HP: 15/15 MP: 7/10
   386 | D:1      | Learned a level 2 spell: Blink
   389 | D:1      | Learned a level 2 spell: Call Imp
   760 | D:1      | Reached skill level 5 in Spellcasting
   892 | D:1      | Reached XP level 3. HP: 19/19 MP: 3/14
   998 | D:1      | Learned a level 3 spell: Conjure Flame
  1002 | D:1      | Learned a level 3 spell: Mephitic Cloud
  1862 | D:2      | Noticed Robin
  2067 | D:3      | Learned a level 2 spell: Repel Missiles
  2088 | D:3      | Reached XP level 4. HP: 6/24 MP: 13/17
  2383 | D:3      | Killed from afar by an orc priest

Action                   |  1- 3 |  4- 6 || total
-------------------------+-------+-------++-------
Melee: Dagger            |     4 |     1 ||     5
 Cast: Magic Dart        |    98 |     9 ||   107
       Call Imp          |     6 |     1 ||     7
       Conjure Flame     |     1 |       ||     1
       Repel Missiles    |     1 |       ||     1
       Mephitic Cloud    |       |     2 ||     2
       Blink             |       |     1 ||     1
 Stab: Sleeping          |     1 |       ||     1
  Eat: Chunk             |     3 |       ||     3
